AoeStats
← Baratinha Gamer

Arabia

507378875Analyzed
1v1 RM · 2mo ago on Sep 18, 2026· 14m 51s· 2 players
Game mode
Random Map
Map size
Tiny (2 player)
Population
200
Speed
Normal
Resources
Standard
Victory
Conquest
Starting age
Dark Age
Ending age
Imperial Age
RankedLock teamsTeams togetherTeam positionsShared explorationLock speedFull tech treeHidden civsTurbo modeCheats
Victory
Defeat
🇺🇸 Sicilians · United States
1557
+14
vs
🇧🇷 Vikings · Brazil
1520
-14
Baratinha Gamer
6:33 Loom
9:29 Feudal Age
10:17 Double-Bit Axe
11:08 Horse Collar
timmy_turner
8:08 Loom
8:12 Loom
10:31 Feudal Age
14:54 Castle Age
13:04 Horse Collar
14:08 Scale Barding Armor
15:27 Bloodlines
Connection lost

Rejoining the realm…

Still unreachable

The connection could not be restored.

Session expired

The server has moved on; the page needs a fresh start.